 Dungeon Crawl Stone Soup version 0.32-a0-520-g344ed53f66 (webtiles) character file.

Game seed: 11803652587984189026

1164 Dittersdorf the Trooper (level 8, -2/51 HPs)
             Began as a Gargoyle Fighter on Feb 27, 2024.
             Was an Initiate of Gozag.
             Killed from afar by a white imp (6 damage)
             ... with a puff of frost
             ... summoned by Eustachio
             ... on level 6 of the Dungeon.
             The game lasted 00:05:51 (5054 turns).

Dittersdorf the Trooper (Gargoyle Fighter)          Turns: 5054, Time: 00:05:52

Health: -2/51      AC: 16    Str: 29    XL:     8   Next: 40%
Magic:  8/8        EV: 10    Int: 11    God:    Gozag
Gold:   345        SH:  6    Dex: 12    Spells: 7/7 levels left

rFire   . . .        a - +0 flail
rCold   . . .        c - +1 buckler
rNeg    + + +        b - +0 scale mail
rPois   ∞            o - +2 hat
rElec   +            (no cloak)
rCorr   +            (no gloves)
SInv    .            e - +0 pair of boots
Will    .....        f - amulet "Honlilup" {^Drain rN++ Regen+ Int+3 Dex+3} Stlth
                     j - +6 ring of strength
HPRegen 1.08/turn    k - ring of resist corrosion
MPRegen 0.11/turn

%: no passive effects
@: no status effects
A: sickness immunity, AC +5, negative energy resistance 1, electricity
resistance, torment resistance 1, petrification resistance
a: Renounce Religion, Potion Petition, Call Merchant, Bribe Branch


You were on level 6 of the Dungeon.
You worshipped Gozag.
Gozag was aware of your devotion.
You visited 2 branches of the dungeon, and saw 7 of its levels.

You collected 390 gold pieces.
You paid 45 gold pieces to Gozag.

Inventory:

Hand Weapons
 a - a +0 flail (weapon)
Armour
 b - a +0 scale mail (worn)
 c - a +1 buckler (worn)
 e - a +0 pair of boots (worn)
 o - a +2 hat (worn)
Jewellery
 f - the amulet "Honlilup" (around neck) {^Drain rN++ Regen+ Int+3 Dex+3}
   (You found it on level 4 of the Dungeon)

   [amulet of regeneration]

   Int+3:     It affects your intelligence (+3).
   Dex+3:     It affects your dexterity (+3).
   rN++:      It greatly protects you from negative energy.
   Regen+:    It increases your rate of health regeneration.
   ^Drain:    It drains your maximum health when unequipped.
 j - a +6 ring of strength (left hand)
 k - a ring of resist corrosion (right hand)
Wands
 g - a wand of iceblast (9)
 u - a wand of acid (3) (quivered)
Scrolls
 h - a scroll of revelation
 l - a scroll of fog
Potions
 d - 2 potions of might
 i - 2 potions of heal wounds
 m - 2 potions of enlightenment
 p - a potion of brilliance
 r - a potion of magic {unknown}
 s - a potion of curing {unknown}
 t - a potion of berserk rage {unknown}


   Skills:
 + Level 6.3 Fighting
 + Level 5.2 Maces & Flails
 + Level 6.2 Armour
 + Level 6.2 Shields


You had 7 spell levels left.
You didn't know any spells.
Your spell library contained the following spells:

 Spells                   Type           Power      Damage    Failure   Level
 Ensorcelled Hibernation  Hex/Ice        0%         N/A       77%         2
 Fugue of the Fallen      Necr           0%         N/A       94%         3
 Anguish                  Hex/Necr       0%         N/A       100%        4


Dungeon Overview and Level Annotations

Branches:
Dungeon (6/15)             Temple (1/1) D:4

Altars:
Ashenzari
Cheibriados
Dithmenos
Elyvilon
Fedhas
Gozag
Hepliaklqana
Kikubaaqudgha
Makhleb
Nemelex Xobeh
Okawaru
Qazlal
Ru
Sif Muna
Trog
Uskayaw
Vehumet
Wu Jian
Xom
Yredelemnul
Zin
The Shining One

Shops:
D:1 (   D:4 (

Annotations:
D:6 Eustachio


Innate Abilities, Weirdness & Mutations

You are immune to sickness and miasma.
Your stone body is resilient. (AC +5)
You are immune to poison.
You resist negative energy. (rN+)
You are resistant to electric shocks. (rElec)
You are resistant to unholy torment.
You are immune to petrification.


Message History

The ufetubus hits you but does no damage.
The river rat closely misses you. The ufetubus barely misses you.
You block the ufetubus's attack. The ufetubus closely misses you.
The ufetubus hits you but does no damage.
The river rat closely misses you. You block the white imp's attack.
You closely miss the river rat.
The river rat is severely wounded.
The ufetubus barely misses you.
The ufetubus hits you but does no damage. x2
The ufetubus barely misses you.
The river rat bites you but does no damage.
You block the ufetubus's attack.
The ufetubus hits you but does no damage.
The river rat bites you!
* * * LOW HITPOINT WARNING * * *
The white imp hits you but does no damage.
You block the ufetubus's attack. The ufetubus barely misses you.
The river rat barely misses you.
You closely miss the river rat.
The river rat is severely wounded.
The ufetubus hits you but does no damage.
The ufetubus misses you. The ufetubus barely misses you.
You block the ufetubus's attack. The river rat closely misses you.
The white imp hits you.
* * * LOW HITPOINT WARNING * * *
The white imp freezes you.
* * * LOW HITPOINT WARNING * * *
The ufetubus barely misses you.
The ufetubus hits you but does no damage.
The river rat closely misses you.
You closely miss the river rat.
The river rat is severely wounded.
The ufetubus hits you but does no damage.
You block the ufetubus's attack. x2
The ufetubus hits you but does no damage.
The river rat bites you but does no damage.
The white imp gestures at you. The puff of frost hits you.
You die...
Your body crumbles into a pile of gold.

.##...........####
.................#
....#...##.......#
.#.##..###.......#
######.##.......##
...#.#...........##
.)................##
..##....####..#r#5.#
...#...######..#@#)...
...............r55......
................r.......
~.~~~~~..~~.~~..~~~~~..~
~~~~~~~~~~~~~~~~~≈~~~~~~
≈≈≈≈≈≈≈≈≈≈≈≈≈≈≈≈≈≈≈~≈≈≈≈
≈≈≈≈≈≈≈≈≈≈≈≈≈≈#####≈≈≈≈≈
############### ≈≈≈≈≈


You could see 2 river rats, a white imp (summoned), 2 ufetubi and a rat
(summoned).

Vanquished Creatures
  Grinder (D:3)
  A black bear (D:4)
  An ice beast (D:5)
  A phantom (D:5)
  A kobold brigand (D:5)
  A scorpion (D:5)
  A bombardier beetle (D:5)
  A hound (D:5)
  A jelly (D:4)
  2 sleepcaps
  3 iguanas
  Natasha (thrice) (D:4)
  3 orc wizards
  3 gnolls (D:3)
  6 adders
  A white imp (D:5)
  4 dart slugs
  5 ribbon worms
  10 orcs
  5 ball pythons
  5 bats
  8 endoplasms
  5 giant cockroaches
  8 goblins
  10 hobgoblins
  11 kobolds
  5 frilled lizards
  8 rats
114 creatures vanquished.

Notes
Turn   | Place    | Note
-------+----------+-------------------------------------------
     0 | D:1      | Dittersdorf the Gargoyle Fighter began the quest for the
                  | Orb.
     0 | D:1      | Reached XP level 1. HP: 14/14 MP: 1/1
    44 | D:1      | You fall into a shaft and drop 1 floor!
   133 | D:2      | Reached XP level 2. HP: 19/19 MP: 2/2
   249 | D:1      | Found Soqoe's Weapon Shoppe.
   363 | D:1      | Reached XP level 3. HP: 23/23 MP: 3/3
   854 | D:2      | Reached XP level 4. HP: 26/29 MP: 4/4
  1887 | D:3      | Found a radiant altar of Vehumet.
  1905 | D:3      | Reached XP level 5. HP: 8/33 MP: 5/5
  2197 | D:3      | Noticed Grinder
  2215 | D:3      | Paralysed by Grinder for 4 turns
  2227 | D:3      | Killed Grinder
  2228 | D:3      | Reached XP level 6. HP: 19/40 MP: 6/6
  2564 | D:3      | Found a faded altar of an unknown god.
  2676 | D:3      | Reached skill level 5 in Fighting
  2864 | D:4      | Identified the +6 trident "Riotol" {antimagic, *Slow Str+3
                  | Int+2 Dex+2}
  2965 | D:4      | Noticed a black bear
  2976 | D:4      | Killed a black bear
  2977 | D:4      | Reached skill level 5 in Armour
  2977 | D:4      | Reached skill level 5 in Shields
  2977 | D:4      | Reached XP level 7. HP: 36/44 MP: 7/7
  3042 | D:4      | Found Poskaq's Antique Weapon Emporium.
  3170 | D:4      | Noticed Natasha
  3187 | D:4      | Killed Natasha
  3355 | D:4      | Noticed Natasha
  3366 | D:4      | Killed Natasha
  3508 | D:4      | Found a staircase to the Ecumenical Temple.
  3569 | Temple   | Entered the Ecumenical Temple
  3579 | Temple   | Became a worshipper of Gozag Ym Sagoz the Greedy
  3669 | D:4      | Noticed Natasha
  3685 | D:4      | Killed Natasha
  3929 | D:4      | Identified the amulet "Honlilup" {^Drain rN++ Regen+ Int+3
                  | Dex+3}
  4049 | D:5      | Entered Level 5 of the Dungeon
  4169 | D:5      | Reached XP level 8. HP: 51/51 MP: 8/8
  4404 | D:5      | Found a burning altar of Makhleb.
  4535 | D:5      | Reached skill level 5 in Maces & Flails
  5022 | D:6      | Noticed Eustachio
  5053 | D:6      | HP: 2/51 [white imp[Eustachio] (3)]
  5054 | D:6      | Killed from afar by a white imp

Illustrated notes

Levels and vault maps discovered:
D:1:      dpeg_arrival_snail, layout_basic, serial_shops, shop,
          chequers_serial_rivers_small_a, serial_bayou_pond_b
D:2:      layout_basic, chequers_serial_rivers_marsh,
          amcnicky_mini_rare_corridor_liquid, chequers_hall_statues_corner_a
D:3:      layout_loops_ring, mainiacjoe_overflow_catwalk,
          shapermc_ecumenical_altar_petra, chequers_mini_garden,
          kennysheep_boxes, uniq_grinder
D:4:      layout_loops_ring, minmay_temple_entry_tees, serial_co_window_serial,
          co_window_corner_a, co_window_corner_a, co_window_corner_a,
          co_window_paths_a, co_window_paths_b, co_window_paths_a,
          co_window_paths_b, co_window_paths_c, co_window_broadway_a,
          co_window_corner_b, co_window_paths_d, glass_columns_a,
          glass_columns_a, glass_columns_b, glass_columns_a, glass_columns_a,
          serial_shops, shop, uniq_natasha
D:5:      layout_loops_corners, makhleb_blood_cavern_becter, st_stairs_9
D:6:      minmay_goblin_kobold_castle, layout_cave_pools, uniq_eustachio
Temple:   nicolae_temple_slightly_damp_pantheon

Skill      XL: |  1  2  3  4  5  6  7  8 |
---------------+-------------------------+-----
Fighting       | 4 5 6 |  6.3
Shields        | 4 5 6 |  6.2
Armour         | 4 5 6 |  6.2
Maces & Flails | 3 4 5 |  5.2

Action                     |  1- 3 |  4- 6 |  7- 9 || total
---------------------------+-------+-------+-------++-------
  Melee: Flail             |   117 |   189 |   199 ||   505
         Unarmed           |       |       |     5 ||     5
    Use: Scroll            |       |     7 |     5 ||    12
   Stab: Distracted        |       |       |     1 ||     1
 Armour: Scale mail        |   125 |   168 |   202 ||   495
         Skin              |       |       |     5 ||     5
  Dodge: Dodged            |    53 |    88 |   132 ||   273
         Repelled          |     1 |       |       ||     1
  Block: Buckler           |    31 |    46 |    96 ||   173

Table legend: (Time is in decaauts)
 A = Elapsed time spent in this place.
 B = Non-inter-level travel time spent in this place.
 C = Inter-level travel time spent in this place.
 D = Time resting spent in this place.
 E = Time spent auto-exploring this place.
 F = Levels seen in this place.
 G = Mean time per level.
                   A        B        C        D        E       F      G
               +--------+--------+--------+--------+--------+-----+--------+
         Total |   5212 |   4977 |    235 |    379 |   3375 |   7 |  744.6 |
       Dungeon |   5192 |   4957 |    235 |    379 |   3375 |   6 |  865.3 |
        Temple |     20 |     20 |      0 |      0 |      0 |   1 |   20.0 |
               +--------+--------+--------+--------+--------+-----+--------+

Top non-repeatable levels by time:
     D:4: 1300 daAuts
     D:3: 1136 daAuts
     D:2: 1003 daAuts
     D:5: 957 daAuts
     D:1: 725 daAuts
     D:6: 69 daAuts
  Temple: 20 daAuts
